 Dungeon Crawl Stone Soup version 0.31-a0-667-g39726597b9 (webtiles) character file.

Game seed: 13697504939603546796

203 GordonOverkill the Sneak (level 5, 0/32 HPs)
             Began as a Tengu Delver on Sept 4, 2023.
             Slain by a river rat (4 damage)
             ... summoned by Eustachio
             ... on level 4 of the Dungeon.
             The game lasted 00:04:49 (2603 turns).

GordonOverkill the Sneak (Tengu Delver)             Turns: 2603, Time: 00:04:50

Health: 0/32       AC:  4    Str: 13    XL:     5   Next: 81%
Magic:  9/9        EV: 12    Int: 12    God:
Gold:   132        SH:  0    Dex: 15    Spells: 8/8 levels left

rFire   . . .        o - +2 short sword (venom)
rCold   . . .        (no shield)
rNeg    . . .        b - +0 leather armour
rPois   +            (helmet restricted)
rElec   .            x - +0 cloak
rCorr   .            (no gloves)
SInv    .            (boots unavailable)
Will    +....        (no amulet)
Stlth   +++          l - ring of willpower
HPRegen 0.25/turn    v - ring of poison resistance
MPRegen 0.11/turn

%: acrobat
@: hasted, very quick
A: beak, talons 3, acrobatic
a: no special abilities


You were on level 4 of the Dungeon.
You visited 1 branch of the dungeon, and saw 6 of its levels.

You collected 132 gold pieces.

Inventory:

Hand Weapons
 a - a +0 spear
 o - a +2 short sword of venom (weapon)
Missiles
 u - 6 poisoned darts (quivered)
Armour
 b - a +0 leather armour (worn)
 x - a +0 cloak (worn)
Magical Staves
 e - a staff of conjuration
Jewellery
 l - a ring of willpower (left hand)
 m - an amulet of guardian spirit
 v - a ring of poison resistance (right hand)
Wands
 g - a wand of digging (3)
Scrolls
 c - 2 scrolls of fog
 d - a scroll of revelation
 h - a scroll of acquirement {unknown}
 i - a scroll of blinking {unknown}
 q - a scroll of identify {unknown}
 r - a scroll of enchant weapon {unknown}
 s - a scroll of noise {unknown}
 t - a scroll of amnesia {unknown}
 w - a scroll of teleportation {unknown}
Potions
 j - 2 potions of brilliance {unknown}
 k - 3 potions of berserk rage {unknown}
 n - 4 potions of lignification {unknown}
 p - a potion of cancellation {unknown}


   Skills:
 - Level 3.0 Fighting
 - Level 4.0 Short Blades
 - Level 4.0 Polearms
 - Level 2.1 Dodging
 - Level 5.0 Stealth
 + Level 2.0 Spellcasting


You had 8 spell levels left.
You didn't know any spells.
Your spell library was empty.

Dungeon Overview and Level Annotations

Branches:
Dungeon (6/15)
 Temple: D:4-7

Altars:
Nemelex Xobeh
Qazlal
Uskayaw
Yredelemnul
The Shining One

Annotations:
D:4 Eustachio


Innate Abilities, Weirdness & Mutations

You have a beak for a mouth.
You have claws for feet.
You can magically evade attacks while moving or waiting.


Message History

You climb downwards.
Level annotation: Eustachio
There is a stone staircase leading up here.
There are monsters nearby!
There are monsters nearby!
There are monsters nearby!
The bat hits you but does no damage.
Eustachio casts a spell.
Eustachio blinks!
The bat misses you.
Eustachio casts a spell.
You closely miss Eustachio. Your kick misses Eustachio. The bat misses you.
You closely miss Eustachio. Your kick misses Eustachio.
The bat closely misses you. Eustachio hits you with a +0 falchion.
The rat bites you but does no damage.
You hit Eustachio.
Eustachio is poisoned.
Your kick misses Eustachio.
Eustachio is lightly wounded.
The rat barely misses you. Eustachio hits you with a +0 falchion!
* * * LOW HITPOINT WARNING * * *
The river rat closely misses you.
You hit Eustachio but do no damage. Your kick misses Eustachio.
Eustachio is lightly wounded.
The bat hits you but does no damage. The bat closely misses you.
The rat bites you but does no damage. Eustachio hits you with a +0 falchion.
* * * LOW HITPOINT WARNING * * *
The river rat bites you.
* * * LOW HITPOINT WARNING * * *
You closely miss Eustachio. You peck Eustachio.
Eustachio is lightly wounded.
The bat hits you but does no damage. The rat barely misses you.
Eustachio hits you with a +0 falchion.
* * * LOW HITPOINT WARNING * * *
The river rat bites you but does no damage.
Okay, then.
You feel yourself speed up. The quokka bites you.
* * * LOW HITPOINT WARNING * * *
The rat bites you.
* * * LOW HITPOINT WARNING * * *
Eustachio hits you but does no damage. The river rat bites you.
You die...

..... ...# ##
............. .
.............####
.#................. ##..
...............
.#####..##...........##.#
.......<.............##.#
........r................
.......b@r...............
....#...r@........>.>....
... #....................
.. #....................
....#..........#.#...####
.......<......#...#..# ##
.............#.....#.# #.
..........)....._....# #.
..........).†#.....#.# #.


You could see Eustachio (very poisoned), a river rat (summoned), a quokka, a bat
(summoned) and a rat (summoned).

Vanquished Creatures
  A sky beast (D:4)
  4 adders
  3 orcs
  4 bats
  3 endoplasms
  2 giant cockroaches
  9 goblins
  7 hobgoblins
  7 jackals
  4 kobolds
  6 quokkas
  3 ball pythons
  4 frilled lizards
  7 rats
64 creatures vanquished.

Notes
Turn   | Place    | Note
-------+----------+-------------------------------------------
     0 | D:5      | GordonOverkill the Tengu Delver began the quest for the
                  | Orb.
     0 | D:5      | Reached XP level 1. HP: 14/14 MP: 2/2
     1 | D:6      | Noticed a scorpion
     1 | D:6      | Noticed a sky beast
    47 | D:4      | Noticed a sky beast
    47 | D:4      | Found a stormy altar of Qazlal.
    56 | D:5      | Reached XP level 2. HP: 12/19 MP: 3/3
    92 | D:4      | Found a hide-covered altar of Uskayaw.
   171 | D:3      | Reached XP level 3. HP: 18/23 MP: 4/4
   310 | D:3      | Found a sparkling altar of Nemelex Xobeh.
   514 | D:1      | Reached skill level 1 in Spellcasting
   752 | D:1      | Reached skill level 1 in Short Blades
   870 | D:1      | Reached XP level 4. HP: 28/28 MP: 6/6
  1722 | D:3      | Found a basalt altar of Yredelemnul.
  2355 | D:3      | Found a glowing golden altar of the Shining One.
  2575 | D:4      | Killed a sky beast
  2576 | D:4      | Reached XP level 5. HP: 32/32 MP: 6/8
  2580 | D:4      | Noticed Eustachio
  2603 | D:4      | Slain by a river rat

Illustrated notes

Levels and vault maps discovered:
D:1:      wheals_arrival_linesprint, layout_basic
D:2:      layout_basic, chequers_avenue, skrybe_limestone_x
D:3:      layout_loops_ring, nemelex_spade_bored_becter, lemuel_doored_altar,
          mainiacjoe_overflow_alcove_1, dreamdust_princess_bridge
D:4:      minmay_goblin_kobold_castle, layout_rooms, overflow_temple_1_default,
          nicolae_qazlal_beasts_of_the_sky, nicolae_underground_beach,
          uniq_eustachio, uniq_edmund
D:5:      layout_gridville, riverfiend_overflow_shadow_ancestor, zin_purify,
          serial_shops, shop, minmay_shop_grid_forest, uniq_blork_the_orc
D:6:      layout_cave_pods, makhleb_heckhound_becter

Skill      XL: |  1  2  3  4  5 |
---------------+----------------+-----
Polearms       | 3 4 |  4.0
Spellcasting   | 1 2 |  2.0
Short Blades   | 1 4 |  4.0
Fighting       | |  3.0
Dodging        | |  2.1
Stealth        | |  5.0

Action                     |  1- 3 |  4- 6 || total
---------------------------+-------+-------++-------
  Melee: Spear             |    65 |       ||    65
         Kick              |    13 |    12 ||    25
         Peck              |     6 |     8 ||    14
         Short sword       |    26 |    64 ||    90
    Use: Scroll            |     1 |       ||     1
         Potion            |       |     1 ||     1
   Stab: Sleeping          |    10 |     4 ||    14
 Armour: Leather armour    |    25 |    50 ||    75
  Dodge: Dodged            |    53 |    72 ||   125

Table legend: (Time is in decaauts)
 A = Elapsed time spent in this place.
 B = Non-inter-level travel time spent in this place.
 C = Inter-level travel time spent in this place.
 D = Time resting spent in this place.
 E = Time spent auto-exploring this place.
 F = Levels seen in this place.
 G = Mean time per level.
                   A        B        C        D        E       F      G
               +--------+--------+--------+--------+--------+-----+--------+
         Total |   2589 |   2464 |    125 |    385 |   1345 |   6 |  431.5 |
       Dungeon |   2589 |   2464 |    125 |    385 |   1345 |   6 |  431.5 |
               +--------+--------+--------+--------+--------+-----+--------+

Top non-repeatable levels by time:
     D:3: 1047 daAuts
     D:1: 856 daAuts
     D:2: 468 daAuts
     D:4: 133 daAuts
     D:5: 80 daAuts
     D:6: 2 daAuts
